 Dungeon Crawl Stone Soup version 0.31.0-12-g77e489cdc1 (webtiles) character file.

Game seed: 12132739308609329437

308 BillyBaka the Ducker (level 6, -6/46 HPs)
             Began as a Djinni Fire Elementalist on Feb 26, 2024.
             Was an Initiate of Dithmenos.
             Killed from afar by Pikel (17 damage)
             ... with a bolt of light
             ... on level 5 of the Dungeon.
             The game lasted 00:22:33 (3176 turns).

BillyBaka the Ducker (Djinni Fire Elementalist)     Turns: 3176, Time: 00:22:34

Health: -6/46      AC:  3    Str:  7    XL:     6   Next: 68%
Gold:   205        EV: 11    Int: 19    God:    Dithmenos [......] SH:  4 Dex: 13

rFire   + + .        f - +3 dagger
rCold   . . .        d - +0 buckler
rNeg    . . .        c - +0 leather armour {rC+}
rPois   ∞            (no helmet)
rElec   .            (no cloak)
rCorr   .            (no gloves)
SInv    .            (boots unavailable)
Will    .....        (no amulet)
Stlth   ++           (no ring)
HPRegen 0.27/turn    (no ring)
MPRegen 0.00/turn

%: infuse magic (-7 HP)
@: flying
A: sickness immunity, fire resistance 2, cold vulnerability 1, float, innate
caster, HP casting, extra vitality 1
a: Renounce Religion


You were on level 5 of the Dungeon.
You worshipped Dithmenos.
Dithmenos was noncommittal.
You visited 2 branches of the dungeon, and saw 6 of its levels.

You collected 205 gold pieces.

Inventory:

Hand Weapons
 f - a +3 dagger (weapon)
Armour
 c - a +0 leather armour of cold resistance (worn)
 d - a +0 buckler (worn)
Scrolls
 a - 2 scrolls of teleportation {unknown}
 g - a scroll of noise
 j - 2 scrolls of torment {unknown}
 k - 2 scrolls of revelation {unknown}
 l - a scroll of fog
 o - a scroll of fear {unknown}
Potions
 b - 3 potions of heal wounds
 e - 2 potions of curing
 h - a potion of haste {unknown}
 i - a potion of might {unknown}
 m - a potion of ambrosia {unknown}
 n - a potion of cancellation {unknown}


   Skills:
 * Level 3.4 Fighting
 + Level 3.9 Dodging
 - Level 1.5 Stealth
 + Level 2.4 Shields
 + Level 3.7 Spellcasting
 + Level 3.7 Conjurations
 + Level 3.7 Hexes
 + Level 3.7 Summonings
 + Level 3.7 Necromancy
 + Level 3.7 Translocations
 + Level 3.7 Fire Magic
 + Level 3.7 Ice Magic
 + Level 3.7 Air Magic
 + Level 3.7 Earth Magic
 + Level 3.7 Alchemy


You knew the following spells:

 Your Spells              Type           Power      Damage    Failure   Level
a - Foxfire               Conj/Fire      68%        2x1d7     8%          1
b - Scorch                Fire           34%        2d6       12%         2
c - Volatile Blastmotes   Fire/Tloc      34%        2d12      22%         3
d - Inner Flame           Hex/Fire       17%        N/A       22%         3
e - Flame Wave            Conj/Fire      17%        2d7       58%         4
f - Freeze                Ice            68%        1d8       8%          1
g - Jinxbite              Hex            34%        N/A       12%         2
Your spell library was empty.

Dungeon Overview and Level Annotations

Branches:
Dungeon (5/15)             Temple (1/1) D:4

Altars:
Ashenzari
Cheibriados
Dithmenos
Hepliaklqana
Okawaru
Ru
Uskayaw
Wu Jian
Xom
The Shining One

Annotations:
D:5 Eustachio, Pikel
Temple 2 transporters


Innate Abilities, Weirdness & Mutations

You are immune to sickness and miasma.
You are immune to poison.
Your flesh is very heat resistant. (rF++)
You are vulnerable to cold. (rC-)
You float through the air rather than walking.
You learn spells naturally, not from books.
Your magical power is your life essence.
You have superior vitality. (+4 MHP)


Message History

The iguana is severely wounded.
The foxfire hits the iguana but does no damage.
The iguana is severely wounded.
An iguana comes into view.
The iguana bites you!
A howler monkey comes into view.
Casting: Scorch (safe; 12% risk of failure)
Confirm with . or Enter, or press ? or * to list all spells.
Flames lash the iguana.
The iguana is burned terribly!
You kill the iguana!
Dithmenos accepts your kill.
Casting: Scorch (safe; 12% risk of failure)
Confirm with . or Enter, or press ? or * to list all spells.
Flames lash the howler monkey.
The howler monkey is moderately wounded.
The howler monkey's fire resistance burns away.
Casting: Scorch (safe; 12% risk of failure)
Confirm with . or Enter, or press ? or * to list all spells.
You conjure some foxfire!
The howler monkey hits you.
* * * LOW HITPOINT WARNING * * *
The foxfire hits the howler monkey.
The howler monkey is burned terribly!
The howler monkey is heavily wounded.
The foxfire hits the howler monkey!
The howler monkey is burned terribly!
The howler monkey is almost dead.
The howler monkey hoots and howls with incredible vigour!
You hear a shout! x8
Casting: Foxfire (safe; 8% risk of failure)
Confirm with . or Enter, or press ? or * to list all spells.
Flames lash the howler monkey.
The howler monkey is burned terribly!
You kill the howler monkey!
Dithmenos accepts your kill.
* * * LOW HITPOINT WARNING * * *
Pikel, Merchant of Souls comes into view.
He is wielding a +0 whip of flaming and carrying a wand of light.
Pikel shouts!
Pikel says, "Hell isn't that bad."
A lemure comes into view.
A lemure comes into view.
Pikel zaps a wand.
The bolt of light hits you!
You die...
Pikel says, "See you in Hell!"

.# # #.##..>#.##. ....#5
###.##.#.#....
#.#.#5#+###......#.####.
....K........####......
#.#.#.................
#...................##
#.......#...####.>###
#.......#...# #..#
#....@..#.l.# #.
#.......#...#
#.......#.....
#.......#...#.#
#.......##......
###....###....#.# #....#
#.##. .# .....+ ... .. .


You could see Pikel and 2 lemures.

Vanquished Creatures
  A howler monkey (D:5)
  A bombardier beetle (D:4)
  Natasha (twice) (D:3)
  2 iguanas
  An orc wizard (D:3)
  4 adders
  A ribbon worm (D:2)
  5 orcs
  5 bats
  2 endoplasms
  3 giant cockroaches
  4 goblins
  6 hobgoblins
  6 jackals
  8 kobolds
  A quokka (D:2)
  8 ball pythons
  2 frilled lizards
  A rat (D:3)
63 creatures vanquished.

Vanquished Creatures (others)
  222 foxfires
222 creatures vanquished.

Grand Total: 285 creatures vanquished

Notes
Turn   | Place    | Note
-------+----------+-------------------------------------------
     0 | D:1      | BillyBaka the Djinni Fire Elementalist began the quest for
                  | the Orb.
     0 | D:1      | BillyBaka set off with the following spells memorised:
                  | Foxfire, Scorch, Volatile Blastmotes, Inner Flame, Flame
                  | Wave.
     0 | D:1      | Reached XP level 1. HP: 15/15 MP: 0/0
    79 | D:1      | Reached XP level 2. HP: 10/22 MP: 0/0
   434 | D:1      | Found a faded altar of an unknown god.
   613 | D:2      | Reached skill level 1 in Fighting
   613 | D:2      | Reached XP level 3. HP: 25/27 MP: 0/0
   613 | D:2      | Learned a level 1 spell: Freeze
  1161 | D:2      | Reached XP level 4. HP: 31/32 MP: 0/0
  1179 | D:2      | Reached skill level 1 in Shields
  1771 | D:3      | Reached XP level 5. HP: 35/38 MP: 0/0
  1771 | D:3      | Learned a level 2 spell: Jinxbite
  1853 | D:3      | Found an ornate altar of the Wu Jian Council.
  1886 | D:3      | Noticed Natasha
  1890 | D:3      | Killed Natasha
  1931 | D:3      | Noticed Natasha
  1937 | D:3      | Killed Natasha
  2205 | D:4      | Found a sacrificial altar of Ru.
  2266 | D:4      | Found a staircase to the Ecumenical Temple.
  2324 | D:4      | Reached XP level 6. HP: 37/45 MP: 0/0
  2335 | Temple   | Found a transporter.
  2335 | Temple   | Found a transporter.
  2335 | Temple   | Found a transporter.
  2335 | Temple   | Found a transporter.
  2335 | Temple   | Entered the Ecumenical Temple
  2360 | Temple   | Became a worshipper of Dithmenos the Shadowed
  3079 | D:5      | Entered Level 5 of the Dungeon
  3079 | D:5      | Noticed Eustachio
  3145 | D:5      | Noticed an ogre
  3174 | D:5      | Noticed Pikel
  3176 | D:5      | Killed from afar by Pikel

Illustrated notes

Levels and vault maps discovered:
D:1:      lightli_arrival_flooded_house, layout_rooms,
          shapermc_ecumenical_altar_pompeii
D:2:      layout_basic
D:3:      layout_rooms, lemuel_crystal_altar, chequers_mini_garden, uniq_natasha
D:4:      minmay_general_purpose_star, layout_basic,
          nicolae_ru_sacrificial_ziggurat, minmay_temple_entry_tees
D:5:      layout_basic, uniq_eustachio, uniq_pikel
Temple:   hellmonk_temple_divided_pantheon

Skill      XL: |  1  2  3  4  5  6 |
---------------+-------------------+-----
Fighting       | 1 2 3 |  3.4
Dodging        | 3 |  3.9
Shields        | 1 2 |  2.4
Stealth        | |  1.5
Spellcasting   | |  3.7
Conjurations   | |  3.7
Hexes          | |  3.7
Summonings     | |  3.7
Necromancy     | |  3.7
Translocations | |  3.7
Fire Magic     | |  3.7
Ice Magic      | |  3.7
Air Magic      | |  3.7
Earth Magic    | |  3.7
Alchemy        | |  3.7

Action                     |  1- 3 |  4- 6 || total
---------------------------+-------+-------++-------
   Cast: Foxfire           |    64 |    76 ||   140
         Scorch            |       |    21 ||    21
    Use: Scroll            |       |     4 ||     4
 Armour: Robe              |     2 |     9 ||    11
         Leather armour    |       |     4 ||     4
  Dodge: Dodged            |       |     2 ||     2
  Block: Buckler           |       |     5 ||     5
